Lake, neutral female gnomish Wizard ------------------------ |...................^..| |..-------------------.| ----.| ----- |.| |..|.-- --...| |.| |.....|--|..`.| |.| |.....|..|.`mG| |.| --....|.....`-- |.| |.......|...| ------|.| |....|..|...| --|.....|.| |....---|...| |.+.....|.| |.......|..-- |-|.....|.| ----....|.-- |.+.....+.| ---.--.| |-|.....|-- |%....| |.+.....| |>.|..| --|.....| ------- ------- Lake the Thaumaturge Experience level: 6 Strength: 15 Dexterity: 13 Constitution: 15 Intelligence: 16 Wisdom: 13 Charisma: 9 Health: 0(26) Energy: 37(47) Def: 12 Gold: 662 Moves: 3900 Dungeon seed: 564cHHfwZxLcmIPi Game ID: Lake_1525249955 Your Inventory: Coins $ - 662 gold pieces Weapons a - a blessed +1 quarterstaff (weapon in hands) Armor e - an uncursed +0 cloak of magic resistance (being worn) n - an uncursed +0 orcish helm (being worn) q - an uncursed +1 pair of leather gloves (being worn) r - an uncursed +0 Hawaiian shirt (being worn) y - a blessed +2 studded leather armor (being worn) z - an uncursed +0 small shield N - a blessed +2 pair of elven boots (being worn) Comestibles k - 9 uncursed food rations E - 2 uncursed shineapples H - an uncursed egg Scrolls i - an uncursed scroll of gold detection j - an uncursed scroll of identify t - a blessed scroll of enchant weapon v - an uncursed scroll of teleportation B - an uncursed scroll of earth C - a blessed scroll of earth L - 4 uncursed scrolls of blank paper Spellbooks f - a blessed spellbook of detect unseen g - a blessed spellbook of drain life u - an uncursed spellbook of drain life Potions p - an uncursed potion of levitation J - an uncursed potion of object detection Rings w - an uncursed ring of conflict D - an uncursed ring of warning F - an uncursed ring of protection from shape changers M - an uncursed +1 ring of adornment Wands b - an uncursed wand of striking (0:6) x - a blessed wand of undead turning (0:5) I - an uncursed wand of summoning (0:3) K - an uncursed wand of light (0:10) O - an uncursed wand of lightning (0:5) Tools h - an uncursed blindfold Spells and supernatural/magical abilities: Name Level Category Cost Memory a - force bolt 1 attack 5pw 94% m - magic missile 2 attack 10pw 94% W - pray for help -- divine ? -- Your skills at the end: Fighting Skills wands [Basic] Weapon Skills quarterstaff [Basic] Spellcasting Skills attack spells [Skilled] enchantment spells [Basic] Final Attributes: You were piously aligned. You were magic resistant. You had infravision. You were stealthy. You were held by a giant mimic. You were lucky. Thoth was noncommittal. You are dead. Vanquished creatures: a small mimic 2 leprechauns 2 water nymphs 2 mountain nymphs a kobold mummy a paper golem 2 giant ants a little dog 2 homunculi a kobold lord a kobold shaman a rothe a giant bat 4 dwarf zombies a wererat a werejackal an acid blob a gas spore 2 manes a large kobold a giant rat 2 cave spiders 2 green molds 2 red molds a gecko 2 jackals a fox a kobold a goblin a kobold zombie 3 newts 46 creatures vanquished. Voluntary challenges: You were an atheist. You used a wielded weapon 15 times, starting on turn 265. You read items or engraved 7 times, starting on turn 1. You never genocided any monsters. You never polymorphed an object. You never changed form. You used no wishes. You never split a pudding. You never wrote Elbereth's name. You never violated your personal moral code. You abstained from Elbereth's help. Dungeon overview: The Dungeons of Doom: levels 1 to 7 Level 1 a long staircase Level 2 an armor shop, some fountains a long staircase Level 3 a fountain Level 4 (magical bpm) a sink Level 5 Level 6 some fountains Level 7 a fountain stairs to Sokoban Sokoban: levels 3 to 6 Level 3 <- You were here Unsolved Level 4 Level 5 Level 6 Solved stairs to The Dungeons of Doom History has recorded: On T:1 you entered the Dungeons of Doom to retrieve the Amulet of Yendor! On T:322 you reached level 2 of The Dungeons of Doom. On T:618 you advanced to experience level 2. On T:1000 you reached level 3 of The Dungeons of Doom. On T:1030 you advanced to experience level 3. On T:1239 you reached level 4 of The Dungeons of Doom. On T:1383 you advanced to experience level 4. On T:1394 you reached level 5 of The Dungeons of Doom. On T:1457 you reached level 6 of The Dungeons of Doom. On T:1563 you advanced to experience level 5. On T:1592 you reached level 7 of The Dungeons of Doom. On T:1659 you reached level 4 of Sokoban. On T:1923 you reached level 3 of Sokoban. On T:2594 you reached level 2 of Sokoban. On T:3031 you advanced to experience level 6. On T:3053 you reached level 1 of Sokoban. Score breakdown: Gold: 662 ( 9597 points) Experience: 6 levels (12456 points) Exploration: 7 levels ( 15.22%) (10954 points) Discoveries: 5 items ( 1.68%) ( 3885 points) Valuables value: (no points given unless you survive) Artifact value: 0 ( 0 points) Variety of kills: 31 monsters ( 8.16%) ( 8568 points) Turncount: 3900 turns ( -987 points) Survival: died (score multiplied by 80%) Total score: 35578 Latest messages: The force bolt hits the green mold! The green mold is killed! With great effort you move the boulder. The boulder falls into and plugs a hole in the floor! Where do you want to travel to? With great effort you move the boulder. The boulder falls into and plugs a hole in the floor! Where do you want to travel to? With great effort you move the boulder. The boulder falls into and plugs a hole in the floor! Where do you want to travel to? With great effort you move the boulder. Wait! That's a giant mimic! You hit the giant mimic. You miss the giant mimic. The magic missile hits the giant mimic! (2x) The giant mimic hits! (2x) You die... Final status: Goodbye Lake the Wizard, killed by a giant mimic... You died in Sokoban on dungeon level 3 with 35578 points, and 662 pieces of gold, after 3900 moves. You were level 6 with a maximum of 26 hit points when you died.